 Dungeon Crawl Stone Soup version 0.23-a0-681-g26ad783 (webtiles) character file.

19 JeffiDaFish the Covered (level 2, -2/19 HPs)
             Began as a Gargoyle Fighter on Jan 11, 2019.
             Slain by a leopard gecko (3 damage)
             ... on level 1 of the Dungeon.
             The game lasted 00:02:42 (619 turns).

JeffiDaFish the Covered (Gargoyle Fighter)           Turns: 619, Time: 00:02:43

Health: -2/19      AC: 10    Str: 19    XL:     2   Next: 75%
Magic:  2/2        EV:  7    Int:  8    God:
Gold:   20         SH:  9    Dex:  9    Spells: 1/1 levels left

rFire    . . .     SeeInvis .   a - +0 flail
rCold    + . .     Gourm    .   c - +0 shield
rNeg     + . .     Faith    .   b - +0 scale mail
rPois    ∞         Spirit   .   (no helmet)
rElec    +         Reflect  .   (no cloak)
rCorr    .         Harm     .   j - +0 pair of gloves
MR       .....                  (no boots)
Stlth    +.........             g - amulet of inaccuracy (curse)
HPRegen  0.06/turn              e - ring of protection from cold
MPRegen  0.08/turn              i - ring of stealth

@: no status effects
A: negative energy resistance 1, electricity resistance, unbreathing,
petrification resistance, rot immunity, AC +2
a: no special abilities


You were on level 1 of the Dungeon.
You were not hungry.

You visited 1 branch of the dungeon, and saw 1 of its levels.

You collected 20 gold pieces.

Inventory:

Hand Weapons
 a - a +0 flail (weapon)
Armour
 b - a +0 scale mail (worn)
 c - a +0 shield (worn)
 j - a +0 pair of gloves (worn)
Jewellery
 e - a ring of protection from cold (left hand)
 g - a cursed amulet of inaccuracy (around neck)
 i - a ring of stealth (right hand)
Potions
 d - a potion of might
 h - 2 potions of ambrosia {unknown}
Comestibles
 f - 3 rations
 k - 4 chunks of flesh


   Skills:
 + Level 3.5 Fighting
 + Level 2.1 Maces & Flails
 + Level 3.6 Armour
 + Level 0.1 Dodging
 + Level 3.6 Shields


You had one spell level left.
You didn't know any spells.
Your spell library was empty.

Dungeon Overview and Level Annotations

Branches:
Dungeon (1/15)

Altars:


Innate Abilities, Weirdness & Mutations

You are resistant to torment.
Your stone body is resilient. (AC +2)
You are immune to poison.
You resist negative energy. (rN+)
You are resistant to electric shocks. (rElec)
You can survive without breathing.
You are immune to petrification.
You are immune to rotting.


Message History

You block the jackal's attack. The leopard gecko barely misses you.
You closely miss the leopard gecko.
The leopard gecko bites you but does no damage.
You miss the leopard gecko. You block the leopard gecko's attack.
The leopard gecko bites you but does no damage.
You barely miss the leopard gecko. You block the leopard gecko's attack.
The leopard gecko bites you.
* * * LOW HITPOINT WARNING * * *
You miss the leopard gecko.
The leopard gecko bites you but does no damage.
You barely miss the leopard gecko.
The leopard gecko bites you but does no damage.
The leopard gecko closely misses you.
Your shield and scale mail prevent you from hitting the leopard gecko.
The leopard gecko bites you.
* * * LOW HITPOINT WARNING * * *
You miss the leopard gecko. The leopard gecko closely misses you.
The leopard gecko bites you.
You die...

...#.....§§§####
.........).§§§§§..
......#######.§§..
..................
#'#'#.########.... #
#...#.# #####....
#.#...#.# #........
##.#.#.#.#.# #........
#.....@..#.# #......#.
#..#.#l#.#.###########.
...#h..#...........#.
........†>..............
........................
##.......############.##
#.......# ######.##
#........ ..^.......
#.......# #########.


You could see a leopard gecko and a jackal.

Vanquished Creatures
  An ooze (D:1)
  A leopard gecko (D:1)
  A goblin (D:1)
  2 hobgoblins (D:1)
  2 jackals (D:1)
  A kobold (D:1)
  6 rats (D:1)
14 creatures vanquished.

Notes
Turn   | Place    | Note
-------+----------+-------------------------------------------
     0 | D:1      | JeffiDaFish the Gargoyle Fighter began the quest for the
                  | Orb.
     0 | D:1      | Reached XP level 1. HP: 14/14 MP: 1/1
   424 | D:1      | Reached XP level 2. HP: 19/19 MP: 2/2
   619 | D:1      | Slain by a leopard gecko

Vault maps used:
D:1:      onia_arrival_handbag

Action                   || total
-------------------------++-------
Melee: Flail             ||   119
  Use: Scroll            ||     3
Armor: Scale mail        ||    98
Dodge: Dodged            ||    60
Block: Shield            ||    92

Table legend:
 A = Non-vault XP
 B = Vault XP
 C = Vault XP percentage of total XP
 D = Non-vault monster count
 E = Vault monster count
 F = Vault count percentage of total count
                 A         B        C        D         E       F
            +---------+---------+-------+---------+---------+-------
      Total |      18 |      10 |  35.7 |      10 |       4 |  28.6
            +---------+---------+-------+---------+---------+-------
        D:1 |      18 |      10 |  35.7 |      10 |       4 |  28.6
            +---------+---------+-------+---------+---------+-------
